 Dungeon Crawl Stone Soup version 0.26-a0-42-g4f27934 (webtiles) character file.

Game seed: 15028606751966157590

30 Gazorpazorpfield the Firebug (level 3, -1/19 HPs)
             Began as a Deep Elf Fire Elementalist on June 1, 2020.
             Slain by a worm (11 damage)
             ... on level 2 of the Dungeon.
             The game lasted 00:04:00 (1176 turns).

Gazorpazorpfield the Firebug (DEFE)                 Turns: 1176, Time: 00:04:01

Health: -1/19      AC:  3    Str:  5    XL:     3   Next: 3%
Magic:  15/18      EV: 13    Int: 20    God:
Gold:   53         SH:  0    Dex: 15    Spells: 1/8 levels left

rFire    . . .     SeeInvis .   g - +0 dagger
rCold    . . .     Gourm    .   (no shield)
rNeg     . . .     Faith    .   a - +0 robe
rPois    .         Spirit   .   k - +0 helmet
rElec    .         Reflect  .   (no cloak)
rCorr    .         Harm     .   (no gloves)
MR       .....                  (no boots)
Stlth    ++........             (no amulet)
HPRegen  0.06/turn              h - ring of magical power
MPRegen  0.16/turn              (no ring)

@: no status effects
A: no striking features
a: no special abilities


You were on level 2 of the Dungeon.
You were hungry.

You visited 1 branch of the dungeon, and saw 2 of its levels.

You collected 53 gold pieces.

Inventory:

Hand Weapons
 g - a +0 dagger (weapon)
Armour
 a - a +0 robe (worn)
 k - a +0 helmet (worn)
Jewellery
 h - a ring of magical power (left hand)
Scrolls
 b - a scroll of teleportation {unknown}
 e - a scroll of magic mapping {unknown}
 i - a scroll of identify {unknown}
 j - a scroll of fear {unknown}
Potions
 d - a potion of heal wounds {unknown}
 l - a potion of degeneration {unknown}
 m - a potion of mutation {unknown}
Comestibles
 c - 3 rations


   Skills:
 + Level 2.7 Dodging
 + Level 2.6 Stealth
 + Level 3.4 Spellcasting
 + Level 1.2 Conjurations
 + Level 4.1 Fire Magic


You had one spell level left.
You knew the following spells:

 Your Spells              Type           Power        Failure   Level  Hunger
a - Foxfire               Conj/Fire      ##..         4%          1    None
b - Conjure Flame         Conj/Fire      ##......     14%         3    ###....
c - Inner Flame           Hex/Fire       ##......     19%         3    ###....

Your spell library contained the following spells:

 Spells                   Type           Power        Failure   Level  Hunger
 Sticky Flame             Conj/Fire      ##......     41%         4    ####...
 Fireball                 Conj/Fire      ##........   77%         5    ######.


Dungeon Overview and Level Annotations

Branches:
Dungeon (2/15)

Altars:


Message History

You conjure some foxfire!
Your foxfire dissipates!
The foxfire hits the worm.
The worm is lightly wounded.
Casting: Foxfire (safe; 4% risk of failure)
Confirm with . or Enter, or press ? or * to list all spells.
You conjure some foxfire!
The hobgoblin shouts!
The foxfire hits the hobgoblin.
The hobgoblin is almost dead.
You hit the hobgoblin but do no damage.
The hobgoblin is almost dead.
The foxfire hits the worm.
The worm is moderately wounded.
Unknown command.
Casting: Foxfire (safe; 4% risk of failure)
Confirm with . or Enter, or press ? or * to list all spells.
You conjure some foxfire!
The hobgoblin hits you. The worm bites you!
Ouch! That really hurt!
You die...

##### ##w..##
##v###.######.
#@w..........# .
#g##......##.#
.%.....#..#!....
##..###..####.#
#.#..<..# #
#....).......
#############


You could see 2 worms and a hobgoblin.

Vanquished Creatures
  An ooze (D:1)
  2 dart slugs (D:1)
  2 ball pythons (D:1)
  A hobgoblin (D:1)
  2 jackals (D:1)
  3 kobolds (D:1)
  A bat (D:1)
  2 frilled lizards (D:1)
  4 goblins (D:1)
  4 rats (D:1)
22 creatures vanquished.

Vanquished Creatures (others)
  46 foxfires
46 creatures vanquished.

Grand Total: 68 creatures vanquished

Notes
Turn   | Place    | Note
-------+----------+-------------------------------------------
     0 | D:1      | Gazorpazorpfield the Deep Elf Fire Elementalist began the
                  | quest for the Orb.
     0 | D:1      | Reached XP level 1. HP: 10/10 MP: 6/6
   330 | D:1      | Reached XP level 2. HP: 15/15 MP: 8/8
   647 | D:1      | Reached skill level 4 in Fire Magic
   716 | D:1      | Reached XP level 3. HP: 10/19 MP: 9/9
   758 | D:1      | Learned a level 3 spell: Conjure Flame
   875 | D:1      | Learned a level 3 spell: Inner Flame
  1176 | D:2      | Slain by a worm

Illustrated notes

Levels and vault maps discovered:
D:1:      minmay_arrival_semitransparent, layout_loops_corners
D:2:      layout_loops_cross, minmay_circled_x

Skill      XL: |  1  2 |
---------------+-------+-----
Fire Magic     | 4 |  4.1
Dodging        | |  2.7
Stealth        | |  2.6
Spellcasting   | |  3.4
Conjurations   | |  1.2

Action                   || total
-------------------------++-------
Melee: Dagger            ||    10
 Cast: Foxfire           ||    34
 Stab: Sleeping          ||     2
Armor: Robe              ||     5
Dodge: Dodged            ||    20

Table legend:
 A = Non-vault XP
 B = Vault XP
 C = Vault XP percentage of total XP
 D = Non-vault monster count
 E = Vault monster count
 F = Vault count percentage of total count
                 A         B        C        D         E       F
            +---------+---------+-------+---------+---------+-------
      Total |      43 |       0 |   0.0 |      22 |       0 |   0.0
            +---------+---------+-------+---------+---------+-------
        D:1 |      43 |       0 |   0.0 |      22 |       0 |   0.0
            +---------+---------+-------+---------+---------+-------
